 Dungeon Crawl Stone Soup version 0.30.0-17-ge0270778cf (webtiles) character file.

Game seed: 293601523810192891

3983 Brutalitops the Cudgeller (level 10, -7/85 HPs)
             Began as an Armataur Venom Mage on May 23, 2023.
             Was a Follower of Qazlal.
             Mangled by an orc knight
             ... wielding a +0 broad axe
              (32 damage)
             ... in a bailey.
             The game lasted 00:31:56 (6159 turns).

Brutalitops the Cudgeller (Armataur Venom Mage)     Turns: 6159, Time: 00:31:57

Health: -7/85      AC: 20    Str: 23    XL:     10   Next: 2%
Magic:  14/14      EV:  8    Int: 15    God:    Qazlal [*.....]
Gold:   263        SH:  7    Dex: 18    Spells: 9/15 levels left

rFire   . . .        a - +4 mace "Maess" {heavy, Contam Fly rElec Str+6}
rCold   . . .        y - +0 buckler
rNeg    . . .        p - +3 ring mail {rPois}
rPois   +            m - +1 helmet
rElec   +            F - +0 cloak {rCorr}
rCorr   +            x - +0 pair of gloves
SInv    .            q - +0 barding of the Old and Reckless {Will+ Dex+6 Slay+3 Stlth-}
Will    +....        i - amulet of regeneration
Stlth   +            k - ring of flight
HPRegen 1.14/turn    (no ring)
MPRegen 0.14/turn

%: roll
@: flying
A: large, rugged brown scales 3, deformed body, armoured tail, roll, long
tongue, awkward tongue
a: Renounce Religion


You were in a bailey.
You worshipped Qazlal.
Qazlal was aware of your devotion.
You visited 2 branches of the dungeon, and saw 9 of its levels.
You also visited: Sewer and Bailey.

You collected 398 gold pieces.
You spent 135 gold pieces at shops.

Inventory:

Hand Weapons
 a - the +4 mace "Maess" (weapon) {heavy, Contam Fly rElec Str+6}
   (You took it off an orc on level 3 of the Dungeon)

   Str:       It affects your strength (+6).
   rElec:     It insulates you from electricity.
   Fly:       It grants you flight.
   Contam:    It causes magical contamination when unequipped.
 c - a +0 dagger
 g - a +4 dagger
 n - a +0 dagger
 s - a +1 whip of electrocution
 v - a +1 falchion of holy wrath
 K - a +1 whip of distortion
Armour
 m - a +1 helmet (worn)
 p - a +3 ring mail of poison resistance (worn)
 q - the +0 barding of the Old and Reckless (worn) {Will+ Dex+6 Slay+3 Stlth-}
   (You acquired it on level 3 of the Dungeon)

   Dex:       It affects your dexterity (+6).
   Slay:      It affects your accuracy & damage with ranged weapons and melee
   (+3).
   Will:      It increases your willpower.
   Stlth:     It makes you less stealthy.
 x - a +0 pair of gloves (worn)
 y - a +0 buckler (worn)
 F - a +0 cloak of preservation (worn)
Magical Staves
 e - a staff of poison
Jewellery
 i - an amulet of regeneration (around neck)
 k - a ring of flight (left hand)
 A - the ring "Apet" {Str+6 Int+10 Slay-3}
   (You bought it in a shop on level 4 of the Dungeon)

   [ring of strength]

   Str:       It affects your strength (+6).
   Int:       It affects your intelligence (+10).
   Slay:      It affects your accuracy & damage with ranged weapons and melee
   (-3).
Wands
 l - a wand of flame (52)
 B - a wand of quicksilver (8)
Scrolls
 r - 2 scrolls of amnesia
 t - a scroll of immolation
 u - a scroll of fear {unknown}
 w - a scroll of enchant weapon {unknown}
 D - a scroll of blinking {unknown}
 I - 2 scrolls of silence {unknown}
 L - a scroll of fog
 M - a scroll of teleportation
Potions
 b - 2 potions of magic
 d - a potion of cancellation
 f - 2 potions of flight
 h - 5 potions of attraction
 j - a potion of resistance
 o - 2 potions of mutation
 z - 4 potions of lignification
 C - a potion of haste {unknown}
 E - a potion of might {unknown}
 H - 2 potions of brilliance
 J - a potion of ambrosia {unknown}


   Skills:
 + Level 4.6 Fighting
 + Level 2.0 Short Blades
 + Level 7.4 Maces & Flails
 + Level 6.5 Armour
 + Level 4.0 Dodging
 - Level 2.8 Stealth
 + Level 3.8 Shields
 + Level 3.1 Spellcasting
 + Level 1.0 Transmutations
 + Level 0.1 Fire Magic
 + Level 1.1 Air Magic
 + Level 4.0 Poison Magic
 * Level 3.0 Invocations


You had 9 spell levels left.
You knew the following spells:

 Your Spells              Type           Power      Damage    Failure   Level
a - Sting                 Tmut/Pois      36%        1d4       13%         1
b - Poisonous Vapours     Pois/Air       18%        N/A       19%         2
c - Ignite Poison         Fire/Tmut/Pois 7%         N/A       45%         3

Your spell library contained the following spells:

 Spells                   Type           Power      Damage    Failure   Level
 Wereblood                Tmut           5%         N/A       34%         2
 Spider Form              Tmut/Pois      9%         N/A       36%         3
 Ensorcelled Hibernation  Hex/Ice        4%         N/A       47%         2
 Sublimation of Blood     Necr           2%         N/A       47%         2
 Mephitic Cloud           Conj/Pois/Air  7%         N/A       47%         3
 Olgreb's Toxic Radiance  Pois           14%        N/A       56%         4
 Ozocubu's Armour         Ice            2%         N/A       71%         3
 Anguish                  Hex/Necr       1%         N/A       98%         4
 Sticky Flame             Conj/Fire      2%         2d3       98%         4
 Ozocubu's Refrigeration  Ice            1%         4d7       100%        7
 Summon Hydra             Summ           1%         N/A       100%        7
 Ignition                 Fire           1%         3d3       100%        8


Dungeon Overview and Level Annotations

Branches:
Dungeon (8/15)             Temple (1/1) D:5           Sewer (visited)
 Bailey (1/1)
   Lair: D:8-11

Altars:
Ashenzari
Cheibriados
Elyvilon
Fedhas
Gozag
Hepliaklqana
Kikubaaqudgha
Makhleb
Nemelex Xobeh
Okawaru
Qazlal
Ru
Sif Muna
Vehumet
Wu Jian
Xom
Yredelemnul
Zin
The Shining One

Shops:
D:2 (*(   D:4 [:*   D:6 *   D:7 :


Innate Abilities, Weirdness & Mutations

You are completely covered in rugged brown scales. (AC +3, +7% HP)
Armour fits poorly on your strangely shaped body.
You have a long armoured tail.
You roll when moving toward enemies. (Rampage)
Your long tongue fully drains potion bottles. (2x potion effects)
Your tongue gives you trouble enunciating. (1.5x scroll delay)


Message History

You kill the orc!
Qazlal accepts your kill.
You hear a splash. x2
The orc closely misses you.
You barely miss the orc.
Your tail-slap misses the orc.
The orc knight hits you with a +0 broad axe!!
You hit the orc knight but do no damage.
You tail-slap the orc knight, but do no damage.
You block the orc's attack. The orc knight closely misses you.
The orc barely misses you.
A kobold comes into view.
You bludgeon the orc knight!! You tail-slap the orc knight!
The orc knight is heavily wounded.
The orc knight hits you with a +0 broad axe!
The orc hits you but does no damage.
The orc knight hits you with a +0 broad axe!
Okay, then.
You hit the orc knight but do no damage.
You tail-slap the orc knight.
The orc knight is heavily wounded.
You block the orc knight's attack.
The orc splashes around in the water.
The orc knight hits you with a +0 broad axe!
The orc splashes around in the water.
The orc knight barely misses you. x2
Unknown command.
You closely miss the orc knight.
The orc knight is heavily wounded.
The orc knight hits you with a +0 war axe!!
* * * LOW HITPOINT WARNING * * *
The orc splashes around in the water.
The orc knight barely misses you.
You feel much better.
You slurp down every last drop of the potion of heal wounds!
The orc knight hits you with a +0 war axe!!
* * * LOW HITPOINT WARNING * * *
The orc splashes around in the water.
You block the orc knight's attack.
You hit the orc knight but do no damage.
The orc knight is heavily wounded.
The orc knight hits you but does no damage.
The orc barely misses you.
The orc knight hits you with a +0 broad axe!!
You die...

..8.... .....# ♣# ....#
♣.# ... ♣♣..###(#
♣...~~~.# ♣...~~~K# #.~~
∩...~~oo# #.~~ ♣...~~o@#
#.~ ♣...~~).# ..8...8
#.~
♣♣..###'#~.........~#'##
♣.##...#~:!8o..8?|~#...
♣##....##~~#####~~##)..
##......####...####....
#.................(....
#..8..8.............8..
#................).....


You could see 2 orc knights, an orc (strong) and a kobold.

Vanquished Creatures
  A manticore (D:8)
  A hornet (D:8)
  Sigmund (D:3)
  A yak (D:8)
  A steam dragon (D:6)
  A water moccasin (D:8)
  A black bear (D:4)
  An ice beast (D:5)
  3 orc warriors
  An ogre (D:5)
  A centaur (D:8)
  2 phantoms
  5 bullfrogs
  2 scorpions
  6 wights
  2 killer bees (D:8)
  3 howler monkeys (D:7)
  2 jellies (D:6)
  5 orc priests
  Crazy Yiuf (D:3)
  A hound (D:5)
  Ijyb (D:4)
  A sleepcap (D:6)
  Terence (D:3)
  4 iguanas
  Natasha (thrice) (D:3)
  A gnoll bouda (D:6)
  7 orc wizards
  Robin (D:2)
  8 adders
  7 gnolls
  4 river rats
  A dart slug (D:2)
  4 worms
  28 orcs
  8 endoplasms
  4 giant cockroaches
  13 hobgoblins
  3 jackals (D:1)
  2 quokkas
  16 ball pythons
  6 bats
  4 frilled lizards
  18 goblins
  10 kobolds
  14 rats
211 creatures vanquished.

Vanquished Creatures (others)
  A sky beast (D:8)
1 creature vanquished.

Grand Total: 212 creatures vanquished

Notes
Turn   | Place    | Note
-------+----------+-------------------------------------------
     0 | D:1      | Brutalitops the Armataur Venom Mage began the quest for the
                  | Orb.
     0 | D:1      | Reached XP level 1. HP: 14/14 MP: 3/3
    90 | D:1      | Reached XP level 2. HP: 17/21 MP: 4/4
   497 | D:1      | Reached skill level 1 in Short Blades
   670 | D:2      | Found Nelaet's Weapon Shop.
   681 | D:2      | Reached XP level 3. HP: 28/28 MP: 5/5
   720 | D:2      | Learned a level 2 spell: Poisonous Vapours
   938 | D:2      | Found Viuvorgh's Antique Weapon Shoppe.
   939 | D:2      | You fall into a shaft and drop 1 floor!
   940 | D:3      | Noticed Terence
   969 | D:3      | Noticed Natasha
  1375 | D:2      | Noticed Robin
  1379 | D:2      | Reached XP level 4. HP: 36/36 MP: 2/6
  1408 | D:2      | Learned a level 3 spell: Ignite Poison
  1443 | D:2      | Found Icishuim's General Store.
  1461 | D:2      | Killed Robin
  1842 | D:3      | Noticed Sigmund
  1989 | D:3      | Identified the +4 mace "Maess" {heavy, Contam Fly rElec
                  | Str+6}
  2089 | D:3      | Killed Natasha
  2183 | D:3      | Noticed Natasha
  2187 | D:3      | Killed Natasha
  2188 | D:3      | Reached XP level 5. HP: 41/41 MP: 9/9
  2255 | D:3      | Identified a scroll of acquirement
  2255 | D:3      | Acquired the +0 barding of the Old and Reckless {Will+
                  | Dex+6 Slay+3 Stlth-}
  2297 | D:3      | Noticed Natasha
  2408 | D:3      | Killed Terence
  2409 | D:3      | Reached skill level 1 in Transmutations
  2594 | D:4      | Noticed a phantom
  2600 | D:4      | Killed a phantom
  2601 | D:4      | Reached skill level 1 in Armour
  2601 | D:4      | Reached XP level 6. HP: 49/49 MP: 10/10
  2754 | D:4      | Found Xugeix's Assorted Antiques.
  2763 | D:4      | Bought a flickering turquoise ring for 135 gold pieces
  2763 | D:4      | Identified the ring "Apet" {Str+6 Int+10 Slay-3} (You
                  | bought it in a shop on level 4 of the Dungeon)
  2781 | D:4      | Found Nicsapn's Book Shop.
  2928 | D:4      | Reached skill level 1 in Fighting
  3056 | D:4      | Noticed Ijyb
  3060 | D:4      | Killed Ijyb
  3077 | D:4      | Found Duwec's Armour Emporium.
  3220 | D:3      | Killed Sigmund
  3221 | D:3      | Reached skill level 1 in Maces & Flails
  3221 | D:3      | Reached skill level 1 in Air Magic
  3221 | D:3      | Reached XP level 7. HP: 55/55 MP: 11/11
  3252 | D:3      | Killed Natasha
  3253 | D:3      | Reached skill level 1 in Shields
  3366 | D:3      | Found a runed translucent door.
  3367 | D:3      | Noticed Crazy Yiuf
  3376 | D:3      | Killed Crazy Yiuf
  3447 | D:5      | Entered Level 5 of the Dungeon
  3498 | D:5      | Reached skill level 2 in Maces & Flails
  3700 | D:5      | Found a staircase to the Ecumenical Temple.
  4130 | D:5      | Reached skill level 3 in Maces & Flails
  4320 | D:6      | Reached XP level 8. HP: 46/66 MP: 12/12
  4348 | D:6      | Reached skill level 4 in Maces & Flails
  4382 | D:6      | Reached skill level 5 in Armour
  4490 | D:6      | Reached skill level 5 in Maces & Flails
  4497 | D:6      | Found Jucrop's Assorted Antiques.
  4617 | D:6      | Found a glowing drain.
  4626 | Sewer    | Entered a sewer
  4806 | Sewer    | Reached XP level 9. HP: 74/74 MP: 13/13
  5022 | Temple   | Entered the Ecumenical Temple
  5084 | Temple   | Became a worshipper of Qazlal Stormbringer
  5224 | D:7      | Found Odimoo's Vocational Training.
  5437 | D:7      | Reached skill level 6 in Maces & Flails
  5753 | D:7      | Found an ornate altar of the Wu Jian Council.
  5870 | D:8      | Found a blossoming altar of Fedhas.
  5900 | D:8      | Noticed a manticore
  5916 | D:8      | Killed a manticore
  5917 | D:8      | Reached skill level 1 in Invocations
  5936 | D:8      | Reached skill level 7 in Maces & Flails
  5963 | D:8      | Reached * piety under Qazlal
  5967 | D:8      | Reached XP level 10. HP: 53/84 MP: 14/14
  6028 | D:8      | Found an iron altar of Okawaru.
  6033 | D:8      | Found a glowing golden altar of the Shining One.
  6073 | D:8      | Found a flagged portal.
  6091 | Bailey   | Entered a bailey
  6096 | Bailey   | Noticed an orc warlord
  6147 | Bailey   | Noticed an orc knight
  6148 | Bailey   | Noticed an orc knight
  6157 | Bailey   | HP: 3/85 [orc knight/+0 war axe (32)]
  6159 | Bailey   | Mangled by an orc knight

Illustrated notes

Levels and vault maps discovered:
D:1:      dreamdust_arrival_sigmund_warning, layout_basic
D:2:      layout_rooms, serial_shops, shop, shop, shop_fountains, uniq_robin
D:3:      layout_basic, minmay_pentomino_pile, uniq_terence, uniq_sigmund,
          uniq_natasha, uniq_crazy_yiuf_cottage
D:4:      black_bear_nest_1, layout_loops_cross, serial_shops,
          nicolae_shop_real_fake_doors, kennysheep_mini, shop, uniq_ijyb
D:5:      layout_loops_corners, minmay_temple_entry_junction,
          nicolae_ossuary_entry_ruins
D:6:      layout_rooms, gup_sewer_entry_bubbles, serial_shops, shop,
          small_statue_intersection
D:7:      layout_basic, nicolae_wu_jian_immortal_techniques,
          nicolae_shop_vocational
D:8:      layout_basic, mainiacjoe_overflow_big_doors, fedhas_altar_1,
          david_lair_generic, enter_bailey_5, chequers_serial_rivers_micro_b,
          kennysheep_kite_vault, uniq_prince_ribbit1
Temple:   eino_temple_rhombus
Bailey:   bailey_axe_bossmonster_kennysheep, bailey

Skill      XL: |  1  2  3  4  5  6  7  8  9 10 |
---------------+-------------------------------+-----
Poison Magic   | 3 4 |  4.0
Short Blades   | 1 2 |  2.0
Spellcasting   | 2 3 |  3.1
Dodging        | 2 3 4 |  4.0
Transmutations | 1 |  1.0
Armour         | 1 3 4 5 6 |  6.5
Fighting       | 1 2 3 4 |  4.6
Maces & Flails | 1 3 5 7 |  7.4
Air Magic      | 1 |  1.1
Shields        | 1 2 3 |  3.8
Invocations    | 2 3 |  3.0
Stealth        | |  2.8
Fire Magic     | |  0.1

Action                     |  1- 3 |  4- 6 |  7- 9 | 10-12 || total
---------------------------+-------+-------+-------+-------++-------
  Melee: Dagger            |   114 |    38 |       |       ||   152
         Tailslap          |    17 |    17 |    35 |     5 ||    74
         Mace              |       |    53 |   285 |    36 ||   374
   Cast: Sting             |     3 |       |       |       ||     3
         Poisonous Vapours |    13 |     5 |       |       ||    18
         Ignite Poison     |       |     1 |       |       ||     1
    Use: Scroll            |     4 |     3 |     8 |       ||    15
         Potion            |       |     1 |     5 |     1 ||     7
   Stab: Sleeping          |     4 |       |       |       ||     4
 Armour: Robe              |    52 |     2 |       |       ||    54
         Ring mail         |       |    50 |   257 |    15 ||   322
  Dodge: Dodged            |    61 |    57 |   129 |    17 ||   264
  Block: Buckler           |       |     2 |    91 |    16 ||   109
